 Dungeon Crawl Stone Soup version 0.31-a0-229-g1fc7ce93e2 (webtiles) character file.

Game seed: 7753980194687409300

189 qw the Shooter (level 5, -4/44 HPs)
             Began as a Minotaur Hexslinger on July 6, 2023.
             Slain by a gnoll
             ... wielding a +0 halberd
              (6 damage)
             ... on level 4 of the Dungeon.
             The game lasted 00:00:47 (2092 turns).

qw the Shooter (Minotaur Hexslinger)                Turns: 2092, Time: 00:00:47

Health: -4/44      AC:  6    Str: 13    XL:     5   Next: 40%
Magic:  5/5        EV: 11    Int: 10    God:
Gold:   174        SH:  0    Dex: 20    Spells: 5/6 levels left

rFire   . . .        Y - +2 sling
rCold   . . .        (no shield)
rNeg    . . .        m - +0 ring mail
rPois   .            (helmet restricted)
rElec   .            (no cloak)
rCorr   .            (no gloves)
SInv    .            b - +0 pair of boots
Will    .....        (no amulet)
Stlth   +            f - +6 ring of dexterity
HPRegen 0.27/turn    (no ring)
MPRegen 0.09/turn

%: no passive effects
@: about to teleport
A: horns 2, retaliatory headbutt
a: no special abilities


You were on level 4 of the Dungeon.
You visited 1 branch of the dungeon, and saw 4 of its levels.

You collected 174 gold pieces.


Innate Abilities, Weirdness & Mutations

You have a pair of horns on your head.
You reflexively headbutt those who attack you in melee.


   Skills:
 + Level 2.9 Fighting
 - Level 5.6 Ranged Weapons
 - Level 1.0 Armour
 - Level 2.1 Dodging
 - Level 1.0 Spellcasting
 - Level 2.0 Hexes


You had 5 spell levels left.
You knew the following spells:

 Your Spells              Type           Power      Damage    Failure   Level
a - Slow                  Hex            16%        N/A       32%         1

Your spell library contained the following spells:

 Spells                   Type           Power      Damage    Failure   Level
 Inner Flame              Hex/Fire       2%         N/A       82%         3
 Portal Projectile        Hex/Tloc       4%         N/A       82%         3
 Cause Fear               Hex            2%         N/A       97%         4

Inventory:

Hand Weapons
 Y - a +2 sling (weapon)
Armour
 b - a +0 pair of boots (worn)
 m - a +0 ring mail (worn)
Jewellery
 f - a +6 ring of dexterity (left hand)
Scrolls
 c - a scroll of identify
 i - a scroll of teleportation
 q - 4 scrolls of immolation {unknown}
 r - a scroll of revelation {unknown}
Potions
 a - a potion of heal wounds {unknown}
 d - 4 potions of haste
 e - a potion of cancellation
 g - 2 potions of enlightenment {unknown}
 h - a potion of might {unknown}
 j - a potion of curing {unknown}
 k - a potion of mutation {unknown}
 l - a potion of invisibility {unknown}
 n - a potion of ambrosia {unknown}
 o - a potion of degeneration {unknown}
 p - a potion of lignification {unknown}

Dungeon Overview and Level Annotations

Branches:
Dungeon (4/15)
 Temple: D:4-7

Altars:


Message History

The gnoll is severely wounded.
The gnoll hits you with a +0 whip.
You shoot a sling bullet. The sling bullet hits the gnoll.
You kill the gnoll!
The gnoll hits you from afar with a +0 halberd!
You shoot a sling bullet. The sling bullet hits the gnoll.
The gnoll is moderately wounded.
The gnoll misses you.
You shoot a sling bullet.
The sling bullet closely misses the gnoll.
The gnoll hits you from afar with a +0 halberd!
You shoot a sling bullet.
The sling bullet barely misses the gnoll.
The gnoll hits you from afar with a +0 halberd!
You shoot a sling bullet. The sling bullet hits the gnoll.
The gnoll is lightly wounded.
You shoot a sling bullet. The sling bullet hits the gnoll!
The gnoll is severely wounded.
The gnoll closely misses you. x2
You shoot a sling bullet.
The sling bullet barely misses the gnoll.
The sling bullet hits the gnoll.
The gnoll is severely wounded.
The gnoll barely misses you. The gnoll closely misses you.
You shoot a sling bullet.
The sling bullet hits the gnoll but does no damage.
The gnoll is severely wounded.
The gnoll hits you from afar with a +0 halberd.
The gnoll hits you from afar with a +0 halberd!
The gnoll closely misses you.
2091 ||| READING 2 scrolls of teleportation.
As you read the scroll of teleportation, it crumbles to dust.
You feel strangely unstable. The gnoll barely misses you.
You furiously retaliate!
You headbutt the gnoll.
You kill the gnoll!
The gnoll hits you from afar with a +0 halberd.
You shoot a sling bullet. The sling bullet hits the gnoll.
The gnoll is almost dead.
The gnoll hits you from afar with a +0 halberd.
You die...

#...##8###8## ..
##...#### # ..
#8...8# .
.#####...## ..
#... #...#
...#...##...##
#......#8...8#
.......##...##
#....@....#
#....)).......
......#+#g###....
.####[ #..# .#.#
# ##... # # ###.
.


You could see a gnoll.

Vanquished Creatures
  A sky beast (D:3)
  2 gnolls (D:4)
  An adder (D:2)
  2 worms (D:2)
  A dart slug (D:1)
  4 orcs
  5 bats
  9 endoplasms
  2 giant cockroaches (D:1)
  5 goblins
  5 hobgoblins
  2 jackals (D:1)
  A quokka (D:2)
  3 ball pythons
  A frilled lizard (D:2)
  A kobold (D:3)
  10 rats
55 creatures vanquished.

Notes
Turn   | Place    | Note
-------+----------+-------------------------------------------
     0 | D:1      | qw the Minotaur Hexslinger began the quest for the Orb.
     0 | D:1      | Reached XP level 1. HP: 16/16 MP: 1/1
     0 | D:1      | 0 ||| qw: Version: 0.3-a-46-gb1f654a
     0 | D:1      | 0 ||| qw: Game counter: 1705
     0 | D:1      | 0 ||| qw: Melee chars always use a shield: true
     0 | D:1      | 0 ||| qw: God list: Okawaru
     0 | D:1      | 0 ||| qw: Allow faded altars: false
     0 | D:1      | 0 ||| qw: Do Orc after clearing Dungeon:15 true
     0 | D:1      | 0 ||| qw: Do second Lair branch before Depths: true
     0 | D:1      | 0 ||| qw: Lair rune preference: random
     0 | D:1      | 0 ||| qw: Goals: Normal
     0 | D:1      | 0 ||| PLANNING D:1-11
   116 | D:1      | Reached skill level 3 in Ranged Weapons
   116 | D:1      | Reached XP level 2. HP: 23/23 MP: 2/2
   151 | D:1      | 151 ||| READING scroll labelled GIMMUBL QICWA.
   152 | D:1      | 152 ||| DRINKING 2 smoky emerald potions.
   153 | D:1      | 153 ||| DROPPING scroll of poison.
   238 | D:1      | Found a faded altar of an unknown god.
   672 | D:1      | 672 ||| UPGRADING to +0 leather armour.
   682 | D:1      | 682 ||| DROPPING +0 robe.
   683 | D:1      | 683 ||| UPGRADING to +6 ring of dexterity.
   684 | D:1      | 684 ||| READING scroll labelled CUTHEJ ZYKADYE.
   685 | D:1      | 685 ||| DRINKING 3 viscous green potions.
   721 | D:2      | Reached XP level 3. HP: 29/29 MP: 3/3
   803 | D:2      | Reached skill level 4 in Ranged Weapons
  1127 | D:2      | 1127 ||| UPGRADING to +0 ring mail.
  1137 | D:2      | 1137 ||| DROPPING +0 leather armour.
  1138 | D:2      | 1138 ||| READING scroll labelled LOEZA ZEC FIOFF.
  1139 | D:2      | 1139 ||| READING 2 scrolls labelled LIEWNA CIPTIDI.
  1142 | D:2      | 1142 ||| READING scroll labelled REJUQE PORGHIV.
  1143 | D:2      | 1143 ||| READING 2 scrolls labelled ZITHRA YGODU.
  1144 | D:2      | 1144 ||| DROPPING scroll of amnesia.
  1242 | D:3      | Reached skill level 1 in Armour
  1293 | D:3      | Noticed a sky beast
  1302 | D:3      | Killed a sky beast
  1303 | D:3      | Reached skill level 5 in Ranged Weapons
  1303 | D:3      | Reached XP level 4. HP: 27/36 MP: 4/4
  1303 | D:3      | Reached XP level 5. HP: 30/41 MP: 5/5
  1773 | D:3      | 1773 ||| UPGRADING to +0 pair of boots.
  2090 | D:4      | HP: 7/42 [gnoll/+0 halberd (8)]
  2091 | D:4      | 2091 ||| READING 2 scrolls of teleportation.
  2091 | D:4      | HP: 2/42 [gnoll/+0 halberd (6)]
  2092 | D:4      | Slain by a gnoll

Levels and vault maps discovered:
D:1:      minmay_arrival_wavy_path, layout_loops_ring,
          dreamdust_ecumenical_altar_statues, hangedman_glass_teeth,
          minmay_pentomino_o2
D:2:      layout_basic, minmay_misc_feat_encased
D:3:      layout_loops_ring
D:4:      layout_basic, nicolae_tso_besieged_by_evil, serial_corexii_hall,
          corexii_hall_statues_s, corexii_hall_statues_x,
          chequers_hall_statues_y, corexii_hall_statues_t, columned_hall_lemuel

Skill      XL: |  1  2  3 |
---------------+----------+-----
Ranged Weapons | 3 5 |  5.6
Fighting       | 2 |  2.9
Armour         | 1 |  1.0
Dodging        | |  2.1
Spellcasting   | |  1.0
Hexes          | |  2.0

Action                     |  1- 3 |  4- 6 || total
---------------------------+-------+-------++-------
   Fire: Sling             |   119 |    39 ||   158
    Use: Scroll            |     6 |     1 ||     7
         Potion            |     2 |       ||     2
 Armour: Robe              |     3 |       ||     3
         Leather armour    |     4 |       ||     4
         Ring mail         |     5 |       ||     5
  Dodge: Dodged            |    27 |    11 ||    38

Table legend:
 A = Non-vault XP
 B = Vault XP
 C = Vault XP percentage of total XP
 D = Non-vault monster count
 E = Vault monster count
 F = Vault count percentage of total count
                 A         B        C        D         E       F
            +---------+---------+-------+---------+---------+-------
      Total |     268 |       3 |   1.1 |      53 |       2 |   3.6
            +---------+---------+-------+---------+---------+-------
        D:1 |      32 |       3 |   8.6 |      18 |       2 |  10.0
        D:2 |      39 |       0 |   0.0 |      13 |       0 |   0.0
        D:3 |     155 |       0 |   0.0 |      14 |       0 |   0.0
        D:4 |      42 |       0 |   0.0 |       8 |       0 |   0.0
            +---------+---------+-------+---------+---------+-------
